 Dungeon Crawl Stone Soup version 0.26.1-16-g4e020e15dc (webtiles) character file.

Game seed: 3878091432016432539

67 Iago the Chopper (level 4, -3/41 HPs)
             Began as a Hill Orc Monk on Jan 20, 2023.
             Slain by a worm (6 damage)
             ... on level 2 of the Dungeon on Jan 21, 2023.
             The game lasted 00:10:45 (3024 turns).

Iago the Chopper (Hill Orc Monk)                    Turns: 3024, Time: 00:10:45

Health: -3/41      AC:  6    Str: 14    XL:     4   Next: 16%
Magic:  4/4        EV: 13    Int: 10    God:
Gold:   76         SH:  0    Dex: 13    Spells: 3/3 levels left

rFire    . . .     SeeInvis .   a - +0 hand axe
rCold    . . .     Faith    .   (no shield)
rNeg     . . .     Spirit   .   f - +0 robe
rPois    .         Reflect  .   r - +0 helmet
rElec    .         Harm     .   (no cloak)
rCorr    .         Rampage  .   (no gloves)
Will     .....                  l - +2 pair of boots
Stlth    ++........             (no amulet)
HPRegen  0.13/turn              (no ring)
MPRegen  0.09/turn              (no ring)

@: no status effects
A: no striking features
a: no special abilities


You were on level 2 of the Dungeon.
You visited 1 branch of the dungeon, and saw 2 of its levels.

You collected 76 gold pieces.

Inventory:

Hand Weapons
 a - a +0 hand axe (weapon)
 b - a +0 hunting sling
Missiles
 c - 93 stones
 j - 51 sling bullets
 v - 6 silver javelins (quivered)
Armour
 f - a +0 robe (worn)
 l - a +2 pair of boots (worn)
 r - a +0 helmet (worn)
Scrolls
 d - 5 scrolls of identify {unknown}
 h - a scroll of fear {unknown}
 i - a scroll of random uselessness {unknown}
 k - 2 scrolls of amnesia {unknown}
 m - 3 scrolls of enchant weapon {unknown}
 o - 3 scrolls of remove curse {unknown}
 q - a scroll of teleportation {unknown}
 s - a scroll of immolation {unknown}
Potions
 e - 3 potions of might {unknown}
 g - a potion of invisibility {unknown}
 n - 3 potions of curing {unknown}
 p - a potion of haste {unknown}
 t - 3 potions of lignification {unknown}
 u - a potion of ambrosia {unknown}
 w - a potion of brilliance {unknown}


   Skills:
 * Level 4.3 Fighting
 * Level 5.3 Axes
 * Level 0.7 Armour
 - Level 2.7 Dodging
 - Level 1.7 Stealth


You had 3 spell levels left.
You didn't know any spells.
Your spell library was empty.

Dungeon Overview and Level Annotations

Branches:
Dungeon (2/15)

Altars:


Message History

You shoot a stone. The stone hits the worm.
The worm is heavily wounded.
The worm bites you!
* * * LOW HITPOINT WARNING * * *
a - a +0 hand axe (weapon)
You are too injured to fight recklessly!
You are too injured to fight recklessly!
You are too injured to fight recklessly!
The worm bites you.
* * * LOW HITPOINT WARNING * * *
You hit the worm.
The worm is moderately wounded.
You hit the worm.
The worm is severely wounded.
The worm bites you.
* * * LOW HITPOINT WARNING * * *
You hit the worm.
The worm is severely wounded.
The worm bites you.
You die...

#.# #.##.# ### #.# #.##.# #.)
###########.# #.##.# #..
#...........# #.##†# #..
###.########### #.##.# #..
....###############.##.########..
.................##..............
################.##..#.#########.
......#### #@##..#.##........
.........# #w##..#.##.######.
.........# #(#...#...........
.........# ###.#.#.#......###..
.........# #..(....#......# #..
###'#....# #.#.#)..#......####.
#.##########.#(#...###..#.#....
###.##### #....#.#........#......
........# #.####(########.###)...


You could see a worm.

Vanquished Creatures
  Robin (D:2)
  An adder (D:2)
  A worm (D:2)
  A dart slug (D:1)
  A leopard gecko (D:2)
  2 giant cockroaches (D:1)
  9 goblins
  7 hobgoblins
  2 jackals (D:2)
  4 kobolds
  A bat (D:2)
  A frilled lizard (D:1)
  5 rats
36 creatures vanquished.

Notes
Turn   | Place    | Note
-------+----------+-------------------------------------------
     0 | D:1      | Iago the Hill Orc Monk began the quest for the Orb.
     0 | D:1      | Reached XP level 1. HP: 19/19 MP: 1/1
   309 | D:1      | Reached XP level 2. HP: 27/27 MP: 2/2
  1495 | D:2      | Noticed Robin
  1504 | D:2      | Reached XP level 3. HP: 33/33 MP: 3/3
  2090 | D:2      | Killed Robin
  2101 | D:2      | Reached skill level 5 in Axes
  2282 | D:2      | Reached XP level 4. HP: 40/40 MP: 4/4
  3024 | D:2      | Slain by a worm

Illustrated notes

Levels and vault maps discovered:
D:1:      elethiomel_arrival_shortcut, layout_basic
D:2:      layout_basic, uniq_robin

Skill      XL: |  1  2  3 |
---------------+----------+-----
Fighting       | 4 |  4.3
Axes           | 5 |  5.3
Armour         | |  0.7
Dodging        | |  2.7
Stealth        | |  1.7

Action                   |  1- 3 |  4- 6 || total
-------------------------+-------+-------++-------
Melee: Hand axe          |    99 |    31 ||   130
 Fire: Hunting sling     |    12 |    10 ||    22
Throw: Stone             |     1 |       ||     1
 Stab: Sleeping          |     2 |       ||     2
Armor: Robe              |    32 |     7 ||    39
Dodge: Dodged            |    73 |    22 ||    95
